 Dungeon Sprint DCSS version 0.19-a0-1792-g28b16ba (webtiles) character file.

7193 poirepourri the Imperceptible (level 10, -1/43 (44) HPs)
             Began as a Spriggan Enchanter on Oct 4, 2016.
             Was the Champion of Dithmenos.
             Slain by a demonic crawler (5 damage)
             ... in the Dungeon (Sprint I: "Red Sonja").
             The game lasted 00:06:53 (2221 turns).

poirepourri the Imperceptible (Spriggan Enchanter)  Turns: 2221, Time: 00:06:54

HP:   -1/43 (44)    AC:  5    Str:  4    XL:     10   Next: 87%
MP:   3/26          EV: 29    Int: 17    God:    Dithmenos [******]
Gold: 110           SH:  8    Dex: 20    Spells: 5 memorised, 19 levels left

rFire  . . .     SeeInvis +     m - +1 short sword (drain)
rCold  . . .     Gourm    .     o - +0 robe {MR+}
rNeg   . . .     Faith    .     u - +2 buckler
rPois  +         Spirit   .     (helmet restricted)
rElec  .         Dismiss  .     v - +2 cloak {rPois}
rCorr  .         Reflect  .     (gloves unavailable)
MR     ++...     Harm     .     (boots unavailable)
Stlth  ++++++++++ NoTele   +    (no amulet)
                                (no ring)
                                (no ring)

@: wreathed by umbra, very quick
A: unfitting armour, see invisible, herbivore 3, speed 3, slow metabolism 2
a: Shadow Step, Shadow Form, Renounce Religion


You were in the Dungeon.
You worshipped Dithmenos.
Dithmenos was exalted by your worship.
You were not hungry.

You visited 1 branch You collected 1728 gold pieces.
You spent 1618 gold pieces at shops.

Inventory:

Hand Weapons
 a - a +1 dagger
 l - a +0 blowgun
 m - a +1 short sword of draining (weapon)
 r - a +4 antimagic rapier
Missiles
 n - 5 curare-tipped needles
Armour
 b - a +1 robe
 o - a +0 robe of magic resistance (worn)
 p - a +0 cloak
 u - a +2 buckler (worn)
 v - a +2 cloak of poison resistance (worn)
Jewellery
 w - the ring of Jamutis {Wiz Int+4}
   (You bought it in a shop in the Dungeon)

   [ring of wizardry]

   It improves your spell success rate.
   It affects your intelligence (+4).
 x - an uncursed ring of protection from fire
 y - an uncursed ring of ice
Wands
 k - a wand of digging (9/24)
Scrolls
 j - 2 scrolls of blinking
Potions
 e - 3 potions of curing
 f - 2 potions of heal wounds
 g - a potion of haste
 h - 2 potions of magic
 i - a potion of berserk rage
 q - a potion of brilliance
 t - a potion of invisibility {unknown}
Books
 c - a book of Maledictions

   Spells                             Type                      Level
   a - Corona                         Hexes                        1
   b - Ensorcelled Hibernation        Hexes/Ice                    2
   c - Confuse                        Hexes                        3
   d - Tukima's Dance                 Hexes                        3
   e - Dazzling Spray                 Conjuration/Hexes            3
 s - the Catalogue of Frigorific Self-Improvement
   (You found it in the Dungeon)

   Spells                             Type                      Level
   a - Infusion                       Charms                       1
   b - Freeze                         Ice                          1
   c - Swiftness                      Charms/Air                   2
   d - Ice Form                       Ice/Transmutation            4
Comestibles
 d - a bread ration


   Skills:
 + Level 7.1 Short Blades
 + Level 12.2 Dodging
 + Level 23.9 Stealth
 + Level 0.7 Shields
 + Level 11.0 Spellcasting
 + Level 0.4 Conjurations
 + Level 16.3 Hexes
 + Level 0.4 Invocations


You had 19 spell levels left.
You knew the following spells:

 Your Spells              Type           Power        Failure   Level  Hunger
a - Corona                Hex            ######.      0%          1    None
b - Ensorcelled Hibernat  Hex/Ice        #####.       1%          2    None
c - Confuse               Hex            ######..     1%          3    None
d - Tukima's Dance        Hex            ######..     1%          3    None
e - Dazzling Spray        Conj/Hex       #####.       1%          3    None


Dungeon Overview and Level Annotations

Branches:
Dungeon (1/1)

Altars:
Cheibriados
Dithmenos
Elyvilon
Fedhas
Gozag
Hepliaklqana
Kikubaaqudgha
Makhleb
Nemelex Xobeh
Okawaru
Qazlal
Ru
Sif Muna
Trog
Uskayaw
Vehumet
Xom
Yredelemnul
Zin
The Shining One
Jiyva
Lugonu

Shops:
D ?![%%[}%***=(?%[=


Innate Abilities, Weirdness & Mutations

You are very small and have problems with some larger weapons.
You are too small for most types of armour.
You have supernaturally acute eyesight. (SInv)
You are a herbivore.
You cover ground extremely quickly.
You need consume almost no food.


Message History

You hit the demonic crawler but do no damage.
The demonic crawler is severely wounded.
Your shadow barely misses the demonic crawler.
The demonic crawler gives a hideous shriek!
The demonic crawler misses you.
The demonic crawler completely misses you. x2
There is an open door here.
You block the demonic crawler's attack. The demonic crawler closely misses you.
The demonic crawler misses you.
Things that are here:
a scythe of protection; a robe You hit the demonic crawler but do no damage.
The demonic crawler is severely wounded.
Your shadow closely misses the demonic crawler.
The demonic crawler is no longer blind.
The demonic crawler hits you!
* * * LOW HITPOINT WARNING * * *
You emit a cloud of dark smoke.
The demonic crawler hits you.
* * * LOW HITPOINT WARNING * * *
The demonic crawler hits you.
You die...

##########################
#<.#.['..#§@§..#__#..'...#
#..'..#.)'§s#..†..'..#..)##+
#..#####'#####'#__####)..'..
#..####..#...#(####)§#####†.
#..#__####..##)#≈≈§§§#§.# +#
#..#_____##'#...§§§§§§§.#
#⌠⌠#_.∩...'..._#§§§§§#§.#
####_..__##_.#'##§#####.###
#_____###'#.#..§.###...#


You could see a demonic crawler.

Vanquished Creatures
  2 centaur warriors (D)
  Sonja (D)
  A deep troll (D)
  2 unseen horrors (D)
  An oklob plant (D)
  2 kobold demonologists (D)
  3 demonic crawlers (D)
  A slime creature (D)
  A hornet (D)
  2 redbacks (D)
  Sigmund (D)
  A yak (D)
  2 floating eyes (D)
  7 necrophages (D)
  An ogre (D)
  8 jellies (D)
  Ijyb (D)
  A ballistomycete spore (D)
38 creatures vanquished.

Vanquished Creatures (others)
  A gargoyle (D)
  A ballistomycete spore (D)
2 creatures vanquished.

Grand Total: 40 creatures vanquished

Notes
Turn   | Place    | Note
-------+----------+-------------------------------------------
     0 | D        | poirepourri the Spriggan Enchanter began the quest for the Orb.
     0 | D        | Reached XP level 1. HP: 9/9 MP: 5/5
     2 | D        | Noticed Ijyb
     8 | D        | Killed Ijyb
     8 | D        | Reached skill level 6 in Stealth
     8 | D        | Reached skill level 5 in Hexes
     8 | D        | Reached XP level 2. HP: 10/13 MP: 5/7
    76 | D        | Learned a level 2 spell: Ensorcelled Hibernation
    78 | D        | Noticed an ogre
    81 | D        | Killed an ogre
    81 | D        | Reached skill level 5 in Dodging
    81 | D        | Reached skill level 9 in Stealth
    81 | D        | Reached XP level 3. HP: 16/16 MP: 8/10
    81 | D        | Reached XP level 4. HP: 21/21 MP: 8/11
    99 | D        | Killed a gargoyle
   162 | D        | Learned a level 3 spell: Confuse
   166 | D        | Learned a level 3 spell: Tukima's Dance
   170 | D        | Learned a level 3 spell: Dazzling Spray
   173 | D        | Noticed Sigmund
   176 | D        | Killed Sigmund
   176 | D        | Reached skill level 11 in Stealth
   176 | D        | Reached XP level 5. HP: 24/24 MP: 11/14
   210 | D        | Found a deep blue altar of Sif Muna.
   212 | D        | Found a radiant altar of Vehumet.
   216 | D        | Reached skill level 12 in Stealth
   216 | D        | Reached skill level 10 in Hexes
   216 | D        | Reached XP level 6. HP: 28/28 MP: 16/16
   219 | D        | Found Pofenewe's Distillery.
   219 | D        | Found an ancient bone altar of Kikubaaqudgha.
   219 | D        | Found a hazy altar of Hepliaklqana.
   219 | D        | Found a stormy altar of Qazlal.
   219 | D        | Found a hide-covered altar of Uskayaw.
   219 | D        | Found a blossoming altar of Fedhas.
   219 | D        | Found a bloodstained altar of Trog.
   219 | D        | Found an iron altar of Okawaru.
   219 | D        | Found a basalt altar of Yredelemnul.
   219 | D        | Found a glowing golden altar of the Shining One.
   219 | D        | Found a snail-covered altar of Cheibriados.
   219 | D        | Found a sacrificial altar of Ru.
   219 | D        | Found a glowing silver altar of Zin.
   219 | D        | Found a shadowy altar of Dithmenos.
   219 | D        | Found a white marble altar of Elyvilon.
   219 | D        | Noticed a yak
   220 | D        | Found an opulent altar of Gozag.
   221 | D        | Killed a yak
   221 | D        | Reached skill level 13 in Stealth
   222 | D        | Found a sparkling altar of Nemelex Xobeh.
   230 | D        | Became a worshipper of Dithmenos the Shadowed
   237 | D        | Bought a potion of heal wounds for 60 gold pieces
   279 | D        | Found a burning altar of Makhleb.
   279 | D        | Found a viscous altar of Jiyva.
   279 | D        | Found a shimmering altar of Xom.
   279 | D        | Found a corrupted altar of Lugonu.
   279 | D        | Noticed a slime creature
   286 | D        | Killed a slime creature
   286 | D        | Reached skill level 14 in Stealth
   286 | D        | Reached XP level 7. HP: 32/32 MP: 13/18
   328 | D        | Noticed Sonja
   332 | D        | Killed Sonja
   332 | D        | Reached skill level 16 in Stealth
   332 | D        | Reached XP level 8. HP: 36/36 MP: 19/21
   360 | D        | Found Raloma's Magic Scroll Boutique.
   380 | D        | Noticed a deep troll
   384 | D        | Killed a deep troll
   384 | D        | Reached * piety under Dithmenos
   384 | D        | Reached skill level 18 in Stealth
   394 | D        | Found Cemej's Armour Emporium.
   402 | D        | Bought a +0 robe of magic resistance for 77 gold pieces
   402 | D        | Bought a +0 robe for 7 gold pieces
   443 | D        | Bought a +0 cloak for 45 gold pieces
   858 | D        | Noticed a centaur warrior
   858 | D        | Noticed a centaur warrior
   860 | D        | Killed a centaur warrior
   860 | D        | Reached skill level 10 in Dodging
   860 | D        | Reached skill level 19 in Stealth
   860 | D        | Reached XP level 9. HP: 39/39 MP: 21/23
   862 | D        | Killed a centaur warrior
   862 | D        | Reached skill level 20 in Stealth
   862 | D        | Reached skill level 15 in Hexes
   875 | D        | Reached ** piety under Dithmenos
   885 | D        | Noticed an oklob plant
   887 | D        | Killed an oklob plant
   887 | D        | Reached skill level 21 in Stealth
   935 | D        | Reached XP level 10. HP: 44/44 MP: 24/24
   955 | D        | Noticed an unseen horror
   955 | D        | Noticed an unseen horror
   969 | D        | Killed an unseen horror
   969 | D        | Reached *** piety under Dithmenos
   969 | D        | Reached skill level 22 in Stealth
   972 | D        | Killed an unseen horror
   972 | D        | Reached skill level 5 in Short Blades
   976 | D        | Reached **** piety under Dithmenos
  1134 | D        | Reached skill level 10 in Spellcasting
  1242 | D        | Found Hiopauc's Food Shoppe.
  1242 | D        | Found Jarul's Magic Scroll Boutique.
  1243 | D        | Found Heux Keyl's Food Boutique.
  1243 | D        | Found Wenlat's Food Emporium.
  1261 | D        | Reached ***** piety under Dithmenos
  1482 | D        | Reached skill level 23 in Stealth
  1486 | D        | Identified the Catalogue of Frigorific Self-Improvement
  1500 | D        | Found Qonixip's Antique Armour Shop.
  1502 | D        | Found Fusugg's Armour Emporium.
  1502 | D        | Found Moekisil's Gadget Shop.
  1502 | D        | Found Ceum's Food Shoppe.
  1502 | D        | Found Igoac's General Store.
  1502 | D        | Found Urruydich's General Store.
  1502 | D        | Found Dikazeno's General Store.
  1502 | D        | Found Ganics's Jewellery Shoppe.
  1506 | D        | Found Qewkiebb's Weapon Boutique.
  1508 | D        | Found Fyotot's Jewellery Emporium.
  1524 | D        | Bought a scroll of identify for 26 gold pieces
  1524 | D        | Bought a scroll of identify for 26 gold pieces
  1536 | D        | Bought a glowing cloak for 103 gold pieces
  1536 | D        | Bought a glowing robe for 16 gold pieces
  1650 | D        | Bought a runed buckler for 103 gold pieces
  1698 | D        | Bought the ring of Jamutis {Wiz Int+4} for 635 gold pieces
  1702 | D        | Bought an uncursed ring of protection from fire for 250 gold pieces
  1702 | D        | Bought an uncursed ring of ice for 250 gold pieces
  1708 | D        | Bought a scroll of identify for 20 gold pieces
  2212 | D        | Reached ****** piety under Dithmenos
  2221 | D        | Slain by a demonic crawler

Vault maps used:
D:        dungeon_sprint_1

Skill      XL: |  1  2  3  4  5  6  7  8  9 10 |
---------------+-------------------------------+-----
Dodging        | 4 5 6 7 9 10 11 12 | 12.2
Stealth        | 6 9 11 12 14 16 19 21 23 | 23.9
Spellcasting   | 3 4 6 7 8 9 11 | 11.0
Hexes          | 5 7 9 10 12 13 14 15 16 | 16.3
Short Blades   | 2 4 7 |  7.1
Shields        | |  0.7
Conjurations   | |  0.4
Invocations    | |  0.4

Action                   |  1- 3 |  4- 6 |  7- 9 | 10-12 || total
-------------------------+-------+-------+-------+-------++-------
Melee: Dagger            |     5 |     7 |     1 |       ||    13
       Short sword       |       |       |     7 |    38 ||    45
 Cast: Dazzling Spray    |       |     1 |     1 |    16 ||    18
       Ensorcelled Hiber |       |       |       |    15 ||    15
Invok: Shadow Step       |       |       |       |     1 ||     1
  Use: Scroll            |       |     1 |     1 |     3 ||     5
 Stab: Sleeping          |     2 |     4 |     8 |    19 ||    33
       Invisible         |       |     1 |       |     1 ||     2
       Distracted        |       |       |       |     1 ||     1
Armor: Robe              |     1 |       |       |     2 ||     3
Dodge: Dodged            |     1 |     2 |       |    74 ||    77
Block: Buckler           |       |       |       |    24 ||    24
